 Dungeon Crawl Stone Soup version 0.31-a0-145-g046c7d2549 (webtiles) character file.

Game seed: 671395782350189098

885 senseless the Ducker (level 8, -2/63 HPs)
             Began as a Gnoll Gladiator on June 6, 2023.
             Was a Follower of Okawaru.
             Slain by a two-headed ogre
             ... wielding a +0 giant spiked club
              (12 damage)
             ... on level 6 of the Dungeon.
             The game lasted 00:12:26 (4707 turns).

senseless the Ducker (Gnoll Gladiator)              Turns: 4707, Time: 00:12:27

Health: -2/63      AC:  8    Str: 14    XL:     8   Next: 5%
Magic:  12/12      EV: 15    Int:  8    God:    Okawaru [*.....]
Gold:   239        SH:  0    Dex: 17    Spells: 13/13 levels left

rFire   . . .        h - +2 falchion of Eternal Vigilance {flame, rCorr SInv}
rCold   + . .        (no shield)
rNeg    + . .        l - +3 leather armour
rPois   .            c - +1 helmet
rElec   .            (no cloak)
rCorr   +            (no gloves)
SInv    +            (no boots)
Will    .....        (no amulet)
Stlth   ++           i - ring of Demons {rC+ rN+ Dex+2}
HPRegen 0.30/turn    (no ring)
MPRegen 0.13/turn

%: no passive effects
@: no status effects
A: fangs 1, strong nose, distributed training
a: Renounce Religion, Heroism


You were on level 6 of the Dungeon.
You worshipped Okawaru.
Okawaru was aware of your devotion.
You visited 2 branches of the dungeon, and saw 7 of its levels.

You collected 239 gold pieces.

Inventory:

Hand Weapons
 a - a +0 long sword
 h - the +2 falchion of Eternal Vigilance (weapon) {flame, rCorr SInv}
   (You took it off an orc on level 5 of the Dungeon)

   SInv:      It lets you see invisible.
   rCorr:     It protects you from acid and corrosion.
 m - a +3 dagger of venom
 n - a +1 short sword of draining
Missiles
 d - 2 throwing nets (quivered)
 e - 6 javelins
Armour
 c - a +1 helmet (worn)
 l - a +3 leather armour (worn)
 w - a scarf of harm
Magical Staves
 k - a staff of conjuration
Jewellery
 i - the ring of Demons (left hand) {rC+ rN+ Dex+2}
   (You acquired it on level 3 of the Dungeon)

   [ring of protection from cold]

   Dex:       It affects your dexterity (+2).
   rC:        It protects you from cold.
   rN:        It protects you from negative energy.
Scrolls
 g - 5 scrolls of teleportation
 s - a scroll of enchant weapon
Potions
 b - 2 potions of brilliance
 f - 3 potions of heal wounds
 o - a potion of degeneration {unknown}
 q - a potion of berserk rage {unknown}
 r - 2 potions of curing {unknown}
 t - a potion of mutation {unknown}
 u - a potion of resistance {unknown}


   Skills:
 + Level 5.5 Fighting
 + Level 3.0 Short Blades
 + Level 7.2 Long Blades
 + Level 3.0 Axes
 + Level 3.0 Maces & Flails
 + Level 3.0 Polearms
 + Level 3.0 Staves
 + Level 3.0 Ranged Weapons
 + Level 5.5 Throwing
 + Level 3.0 Armour
 + Level 7.2 Dodging
 + Level 3.0 Stealth
 + Level 3.0 Shields
 + Level 3.0 Unarmed Combat
 + Level 3.0 Spellcasting
 + Level 2.4 Conjurations
 + Level 2.4 Hexes
 + Level 2.4 Summonings
 + Level 2.4 Necromancy
 + Level 2.4 Translocations
 + Level 2.4 Transmutations
 + Level 2.4 Fire Magic
 + Level 2.4 Ice Magic
 + Level 2.4 Air Magic
 + Level 2.4 Earth Magic
 + Level 2.4 Poison Magic
 + Level 3.3 Invocations
 + Level 3.0 Evocations


You had 13 spell levels left.
You didn't know any spells.
Your spell library contained the following spells:

 Spells                   Type           Power      Damage    Failure   Level
 Blink                    Tloc           10%        N/A       22%         2
 Ensorcelled Hibernation  Hex/Ice        10%        N/A       22%         2
 Sublimation of Blood     Necr           5%         N/A       22%         2
 Wereblood                Tmut           5%         N/A       22%         2
 Portal Projectile        Hex/Tloc       10%        N/A       41%         3
 Spider Form              Tmut/Pois      5%         N/A       41%         3
 Anguish                  Hex/Necr       2%         N/A       82%         4
 Cause Fear               Hex            2%         N/A       82%         4
 Leda's Liquefaction      Hex/Erth       2%         N/A       82%         4
 Manifold Assault         Tloc           5%         N/A       82%         4
 Blade Hands              Tmut           2%         N/A       99%         5
 Enfeeble                 Hex            2%         N/A       100%        7
 Storm Form               Tmut/Air       2%         N/A       100%        7
 Call Canine Familiar     Summ           Unusable   N/A       N/A         3
 Tukima's Dance           Hex            Unusable   N/A       N/A         3
 Summon Hydra             Summ           Unusable   N/A       N/A         7

Dungeon Overview and Level Annotations

Branches:
Dungeon (6/15)             Temple (1/1) D:4

Altars:
Cheibriados
Dithmenos
Elyvilon
Fedhas
Gozag
Hepliaklqana
Makhleb
Okawaru
Ru
Sif Muna
Uskayaw
Vehumet
Yredelemnul
Zin


Innate Abilities, Weirdness & Mutations

You have very sharp teeth.
Your uncanny sense of smell can sniff out nearby items.
Your experience applies equally to all skills.


Message History

You pick up a book of Hexes and begin reading...
You add the spells Cause Fear and Enfeeble to your library.
You now have 211 gold pieces (gained 9).
Items here: ( ) [ ÷.
f - 3 potions of heal wounds (gained 1)
Found a +0 hand axe.
No target in view!
You see here a +0 hand axe.
Found a stone staircase leading down.
Found a robe.
You now have 226 gold pieces (gained 15).
Found a dagger.
Found a war axe.
e - 6 javelins (gained 5)
You now have 239 gold pieces (gained 13).
Done exploring.
Search for what [Enter for "."]? .
There is a stone staircase leading down here.
You climb downwards.
There is a stone staircase leading up here.
Found a war axe.
A two-headed ogre and a troll come into view.
There are monsters nearby!
Found 15 gold pieces.
The two-headed ogre shouts in stereo!
The troll shouts!
An iguana comes into view.
You hit the two-headed ogre. You burn the two-headed ogre.
The two-headed ogre is lightly wounded.
The iguana hisses angrily.
You hit the two-headed ogre. You burn the two-headed ogre.
The two-headed ogre is lightly wounded.
The two-headed ogre hits you with a +0 giant spiked club!!
The two-headed ogre hits you with a +0 giant club!
You hit the two-headed ogre. You burn the two-headed ogre.
The two-headed ogre is moderately wounded.
The two-headed ogre hits you with a +0 giant spiked club!!
* * * LOW HITPOINT WARNING * * *
The two-headed ogre hits you with a +0 giant club!
You die...

....####.###
##.#.....♣....
#..l.####.####.
#...###.#.#.###.
#..###.##.##.###
#....?###.###...
#..O##...##...
#.@#.....#.. .
##........$. ...
###...###.#....
##...###....#
#.........#
#.....#...#
#.....#.###
#.....#.)
#....<####


You could see a two-headed ogre and an iguana.

Vanquished Creatures
  A wyvern (D:5)
  A sky beast (D:4)
  An ogre (D:5)
  A gnoll bouda (D:5)
  3 hounds
  2 orc priests
  2 iguanas
  4 orc wizards (D:4)
  A sleepcap (D:4)
  4 gnolls
  5 adders
  A white imp (D:5)
  An ufetubus (D:4)
  A worm (D:5)
  A dart slug (D:2)
  18 orcs
  4 endoplasms
  A giant cockroach (D:1)
  9 goblins
  7 hobgoblins
  4 jackals (D:2)
  6 kobolds
  2 quokkas (D:1)
  9 ball pythons
  A bat (D:3)
  2 frilled lizards (D:1)
  7 rats
99 creatures vanquished.

Notes
Turn   | Place    | Note
-------+----------+-------------------------------------------
     0 | D:1      | senseless the Gnoll Gladiator began the quest for the Orb.
     0 | D:1      | Reached XP level 1. HP: 20/20 MP: 1/1
    91 | D:1      | Reached XP level 2. HP: 20/26 MP: 2/2
   496 | D:1      | Reached XP level 3. HP: 31/31 MP: 3/3
   935 | D:2      | Reached skill level 1 in Invocations
  1342 | D:2      | Reached skill level 1 in Short Blades
  1342 | D:2      | Reached skill level 1 in Axes
  1342 | D:2      | Reached skill level 1 in Maces & Flails
  1342 | D:2      | Reached skill level 1 in Polearms
  1342 | D:2      | Reached skill level 1 in Staves
  1342 | D:2      | Reached skill level 1 in Ranged Weapons
  1342 | D:2      | Reached skill level 1 in Armour
  1342 | D:2      | Reached skill level 1 in Stealth
  1342 | D:2      | Reached skill level 1 in Shields
  1342 | D:2      | Reached skill level 1 in Unarmed Combat
  1342 | D:2      | Reached skill level 1 in Spellcasting
  1342 | D:2      | Reached skill level 1 in Evocations
  1593 | D:3      | Reached XP level 4. HP: 24/38 MP: 5/5
  1927 | D:3      | Reached skill level 1 in Conjurations
  1927 | D:3      | Reached skill level 1 in Hexes
  1927 | D:3      | Reached skill level 1 in Summonings
  1927 | D:3      | Reached skill level 1 in Necromancy
  1927 | D:3      | Reached skill level 1 in Translocations
  1927 | D:3      | Reached skill level 1 in Transmutations
  1927 | D:3      | Reached skill level 1 in Fire Magic
  1927 | D:3      | Reached skill level 1 in Ice Magic
  1927 | D:3      | Reached skill level 1 in Air Magic
  1927 | D:3      | Reached skill level 1 in Earth Magic
  1927 | D:3      | Reached skill level 1 in Poison Magic
  2189 | D:3      | Identified a scroll of acquirement
  2189 | D:3      | Acquired the ring of Demons {rC+ rN+ Dex+2}
  2338 | D:4      | Reached XP level 5. HP: 25/43 MP: 5/7
  2594 | D:4      | Found a staircase to the Ecumenical Temple.
  2609 | D:4      | Reached XP level 6. HP: 50/50 MP: 8/8
  2614 | Temple   | Entered the Ecumenical Temple
  2877 | Temple   | Became a worshipper of Warmaster Okawaru
  2937 | D:4      | Noticed a sky beast
  2952 | D:4      | Killed a sky beast
  2953 | D:4      | Reached skill level 5 in Fighting
  2953 | D:4      | Reached skill level 5 in Throwing
  3350 | D:4      | Found a shimmering blue altar of Sif Muna.
  3375 | D:4      | Reached XP level 7. HP: 51/56 MP: 10/10
  3743 | D:5      | Entered Level 5 of the Dungeon
  3935 | D:5      | Reached * piety under Okawaru
  3997 | D:5      | Noticed a wyvern
  4009 | D:5      | Killed a wyvern
  4211 | D:5      | Identified the +2 falchion of Eternal Vigilance {flame,
                  | rCorr SInv}
  4292 | D:5      | Reached XP level 8. HP: 22/63 MP: 12/12
  4701 | D:6      | Noticed a two-headed ogre
  4701 | D:6      | Noticed a troll
  4707 | D:6      | Slain by a two-headed ogre

Illustrated notes

Levels and vault maps discovered:
D:1:      dpeg_arrival_arbitrary_a, layout_loops_ring
D:2:      layout_basic
D:3:      layout_rooms, grunt_ministairs_13, amcnicky_mini_corridor_feature
D:4:      layout_basic, kennysheep_orc_sif_temple,
          minmay_temple_entry_statues_fountains
D:5:      layout_rooms
D:6:      layout_basic, grunt_temple_overflow_octagram, kb_rosetta
Temple:   compressed_dpeg_triangle_lava_temple

Skill      XL: |  1  2  3  4  5  6  7 |
---------------+----------------------+-----
Invocations    | 1 2 3 |  3.3
Short Blades   | 1 2 3 |  3.0
Axes           | 1 2 3 |  3.0
Maces & Flails | 1 2 3 |  3.0
Polearms       | 1 2 3 |  3.0
Staves         | 1 2 3 |  3.0
Ranged Weapons | 1 2 3 |  3.0
Armour         | 1 2 3 |  3.0
Stealth        | 1 2 3 |  3.0
Shields        | 1 2 3 |  3.0
Unarmed Combat | 1 2 3 |  3.0
Spellcasting   | 1 2 3 |  3.0
Evocations     | 1 2 3 |  3.0
Conjurations   | 1 2 |  2.4
Hexes          | 1 2 |  2.4
Summonings     | 1 2 |  2.4
Necromancy     | 1 2 |  2.4
Translocations | 1 2 |  2.4
Transmutations | 1 2 |  2.4
Fire Magic     | 1 2 |  2.4
Ice Magic      | 1 2 |  2.4
Air Magic      | 1 2 |  2.4
Earth Magic    | 1 2 |  2.4
Poison Magic   | 1 2 |  2.4
Fighting       | 5 |  5.5
Throwing       | 5 |  5.5
Long Blades    | 7 |  7.2
Dodging        | 7 |  7.2

Action                     |  1- 3 |  4- 6 |  7- 9 || total
---------------------------+-------+-------+-------++-------
  Melee: Long sword        |    34 |       |       ||    34
         Bite              |    10 |    15 |    13 ||    38
         Dagger            |    54 |   138 |   107 ||   299
         Punch             |       |     5 |     5 ||    10
         Falchion          |       |       |     3 ||     3
  Throw: Throwing net      |       |     3 |     1 ||     4
         Javelin           |       |     1 |       ||     1
    Use: Scroll            |       |    11 |       ||    11
         Potion            |       |       |     1 ||     1
   Stab: Sleeping          |     3 |     2 |       ||     5
 Armour: Leather armour    |    23 |    43 |    14 ||    80
         Skin              |       |       |    20 ||    20
  Dodge: Dodged            |    69 |    80 |    68 ||   217

Table legend: (Time is in decaauts)
 A = Elapsed time spent in this place.
 B = Non-inter-level travel time spent in this place.
 C = Inter-level travel time spent in this place.
 D = Time resting spent in this place.
 E = Time spent auto-exploring this place.
 F = Levels seen in this place.
 G = Mean time per level.
                   A        B        C        D        E       F      G
               +--------+--------+--------+--------+--------+-----+--------+
         Total |   4687 |   4465 |    222 |    108 |   3595 |   7 |  669.6 |
       Dungeon |   4417 |   4205 |    212 |    108 |   3346 |   6 |  736.2 |
        Temple |    269 |    259 |     10 |      0 |    249 |   1 |  269.0 |
               +--------+--------+--------+--------+--------+-----+--------+

Top non-repeatable levels by time:
     D:4: 1226 daAuts
     D:5: 860 daAuts
     D:1: 827 daAuts
     D:3: 803 daAuts
     D:2: 685 daAuts
  Temple: 269 daAuts
     D:6: 13 daAuts
